AoeStats
← J A K E J I M M Y

Fortress

509763940Analyzed
2v2 RM · 4d ago on Sep 27, 2026· 62m 27s· 4 players
Game mode
Random Map
Map size
Normal (6 player)
Population
200
Speed
Normal
Resources
Standard
Victory
Conquest
Starting age
Dark Age
Ending age
Imperial Age
RankedLock teamsTeams togetherTeam positionsShared explorationLock speedFull tech treeHidden civsTurbo modeCheats
Victory
Defeat
🇬🇧 Saxons · United Kingdom
805
+14
🇧🇷 Inca · Brazil
759
+16
🇨🇴 Hindustanis · Colombia
771
-15
🇨🇴 Byzantines · Colombia
765
-15
Cheche11971101
9:46 Feudal Age
10:41 Double-Bit Axe
10:39 Horse Collar
15:21 Castle Age
13:52 Gold Mining
49:24 Imperial Age
56:19 Shatagni
61:11 Chemistry
Atriuz11
6:21 Feudal Age
14:14 Castle Age
18:02 Forging
18:00 Scale Barding Armor
21:31 Double-Bit Axe
21:30 Horse Collar
22:51 Wheelbarrow
24:23 Gold Mining
26:04 Iron Casting
27:20 Husbandry
28:28 Chain Barding Armor
29:33 Hand Cart
34:01 Imperial Age
31:30 Stone Mining
31:45 Fletching
37:05 Bodkin Arrow
40:02 Plate Barding Armor
39:28 Bracer
41:26 Logistica
46:17 Elite Cataphract
49:05 Gold Shaft Mining
50:37 Chemistry
49:34 Murder Holes
49:20 Treadmill Crane
50:01 Ballistics
54:06 Onager
J A K E J I M M Y
8:01 Feudal Age
11:13 Horse Collar
11:38 Double-Bit Axe
13:56 Castle Age
14:14 Loom
14:52 Bow Saw
19:10 Wheelbarrow
18:22 Town Watch
20:11 Fletching
20:28 Scale Mail Armor
20:39 Forging
20:57 Bodkin Arrow
21:03 Scale Mail Armor
21:13 Forging
22:17 Squires
22:43 Arson
27:24 Gambesons
29:47 Hand Cart
29:32 Town Patrol
35:00 Murder Holes
35:15 Masonry
39:37 Imperial Age
39:03 Chain Mail Armor
39:24 Iron Casting
40:50 Pikeman
40:56 Shield Wall
43:55 Heavy Plow
45:47 Plate Mail Armor
45:34 Elite Varangian Guard
46:24 Halberdier
47:42 Conscription
48:02 Capped Ram
52:33 Siege Ram
53:46 Caravan
55:52 Siege Engineers
theilor.taiariol
7:37 Feudal Age
13:33 Castle Age
12:02 Champi Runner
13:11 Forging
12:56 Horse Collar
13:31 Double-Bit Axe
19:45 Iron Casting
19:11 Scale Mail Armor
21:48 Champi Warrior
22:37 Padded Archer Armor
30:21 Imperial Age
31:59 Wheelbarrow
31:09 Loom
31:14 Town Watch
31:48 Chain Mail Armor
32:34 Blast Furnace
31:24 Fletching
31:50 Leather Archer Armor
30:59 Elite Kamayuk
32:00 Conscription
34:53 Plate Mail Armor
34:28 Squires
37:22 Bodkin Arrow
37:58 Ring Archer Armor
37:32 Heavy Plow
37:51 Bow Saw
37:06 Elite Champi Warrior
37:09 Pikeman
37:36 Arson
42:48 Hand Cart
42:34 Halberdier
44:29 Elite Skirmisher
50:21 Andean Sling
50:26 Fabric Shields
52:03 Chemistry
51:24 Ballistics
51:06 Bracer
Connection lost

Rejoining the realm…

Still unreachable

The connection could not be restored.

Session expired

The server has moved on; the page needs a fresh start.